 Dungeon Crawl Stone Soup version 0.17-a0-1397-g0eee0a3 (webtiles) character file.

783 ololoev the Slasher (level 7, -1/50 HPs)
             Began as a Mummy Skald on June 17, 2015.
             Was a Follower of Yredelemnul.
             Slain by a water moccasin (4 damage)
             ... on level 5 of the Dungeon.
             The game lasted 00:20:19 (7296 turns).

ololoev the Slasher (Mummy Skald)                   Turns: 7296, Time: 00:20:19

Health: -1/50      AC:  5    Str: 17    XL:     7   Next: 55%
Magic:  6/10       EV: 11    Int: 11    God:    Yredelemnul [*.....]
Gold:   264        SH:  0    Dex: 15    Spells: 3 memorised, 4 levels left

rFire  x . .     SeeInvis .     a - +0 falchion
rCold  + + .     Clarity  .     m - +1 leather armour {rC+}
rNeg   + + +     SustAt   .     (no shield)
rPois  ∞         Gourm    .     (no helmet)
rElec  .         Spirit   .     (no cloak)
rCorr  .         Warding  .     d - +0 pair of gloves
rMut   .         Stasis   .     (no boots)
MR     +....                    (no amulet)
Stlth  +.........               k - ring of protection from magic
                                e - +3 ring of dexterity

@: injury mirror, infused (expiring), very slightly contaminated, somewhat
resistant to hostile enchantments, very unstealthy
A: no food or potions, fire vulnerability, cold resistance 1, negative energy
resistance 3, torment resistance, unbreathing
a: Animate Remains, Renounce Religion


Innate Abilities, Weirdness & Mutations

You do not eat or drink.
Your flesh is vulnerable to fire.
You are immune to poison.
Your flesh is cold resistant.
You are immune to negative energy.
You are immune to unholy pain and torment.
You can survive without breathing.

Inventory:

Hand weapons
 a - a +0 falchion (weapon)
Armour
 b - a +0 chain mail
 d - a +0 pair of gloves (worn)
 m - a +1 leather armour of cold resistance (worn)
Jewellery
 e - a +3 ring of dexterity (left hand)
 k - a ring of protection from magic (right hand)
Scrolls
 c - a scroll of enchant armour {unknown}
 f - a scroll of magic mapping {unknown}
 g - a scroll of recharging {unknown}
 h - a scroll of enchant weapon
 i - a scroll of immolation
 j - a scroll of teleportation
 l - 2 scrolls of fear
 n - a scroll of amnesia
 o - a scroll of fog {unknown}
 p - 3 scrolls of blinking {unknown}


   Skills:
 - Level 2.0 Fighting
 * Level 6.1 Long Blades
 + Level 2.7 Armour
 - Level 0.7 Dodging
 - Level 2.0 Spellcasting
 - Level 2.4 Charms
 + Level 2.5 Invocations


You had 4 spell levels left.
You knew the following spells:

 Your Spells              Type           Power        Failure   Level  Hunger
a - Infusion              Chrm           #.....       17%         1    N/A
b - Song of Slaying       Chrm           #.......     24%         2    N/A
c - Spectral Weapon       Hex/Chrm       #.......     71%         3    N/A


You were on level 5 of the Dungeon.
You worshipped Yredelemnul.
Yredelemnul was aware of your devotion.
You were not hungry.

You visited 1 branch of the dungeon, and saw 5 of its levels.
You also visited: Sewer.

You collected 264 gold pieces.

### ##.## ##...##
##.....#########
#..........S@..#
##.....#######.#
#######...### #.#
............##
##.#########
##...........#
#..........######
#..###..##..#
#.......##.......
#..# #..##..#
#................
#..# #..##..#
#.#####.#######..
#..###..##..####.#
#.# #.#

Notes
Turn   | Place    | Note
--------------------------------------------------------------
     0 | D:1      | ololoev the Mummy Skald began the quest for the Orb.
     0 | D:1      | Reached XP level 1. HP: 16/16 MP: 3/3
   353 | D:1      | Reached XP level 2. HP: 22/22 MP: 5/5
   756 | D:1      | Reached XP level 3. HP: 23/27 MP: 0/6
   772 | D:1      | Learned a level 2 spell: Song of Slaying
   878 | D:1      | Reached skill level 3 in Long Blades
  1656 | D:2      | Reached XP level 4. HP: 33/33 MP: 7/7
  1933 | D:2      | Learned a level 3 spell: Spectral Weapon
  2809 | D:3      | Found a basalt altar of Yredelemnul.
  2814 | D:3      | Became a worshipper of Yredelemnul the Dark
  2862 | D:3      | Reached skill level 4 in Long Blades
  3333 | D:3      | Noticed Terence
  3348 | D:3      | Killed Terence
  3348 | D:3      | Reached XP level 5. HP: 6/38 MP: 5/8
  3706 | D:3      | Found a bloodstained altar of Trog.
  3842 | D:4      | Reached skill level 1 in Armour
  4198 | D:4      | Acquired Yredelemnul's first power
  4301 | D:4      | Found an ancient bone altar of Kikubaaqudgha.
  4373 | D:4      | Found a shimmering altar of Xom.
  4390 | D:4      | Reached skill level 5 in Long Blades
  4390 | D:4      | Reached XP level 6. HP: 24/44 MP: 7/9
  4876 | D:4      | Reached skill level 1 in Invocations
  5098 | D:4      | Noticed bal's ghost (average VSMo)
  5120 | D:4      | Killed bal's ghost
  5308 | D:4      | Noticed an ogre
  5369 | D:4      | Killed an ogre
  5631 | D:5      | Entered Level 5 of the Dungeon
  5668 | D:5      | Reached XP level 7. HP: 22/50 MP: 1/10
  5964 | D:5      | Noticed Edmund
  6025 | D:5      | Acquired Yredelemnul's second power
  6073 | D:5      | Found Etayt's Weapon Emporium.
  6189 | D:5      | Found a glowing drain.
  6197 | Sewer    | Entered a sewer
  6475 | Sewer    | Reached skill level 6 in Long Blades
  7279 | D:5      | Noticed a water moccasin
  7296 | D:5      | Slain by a water moccasin

Dungeon Overview and Level Annotations

Branches:
Dungeon (5/15)
 Temple: D:4-7

Altars:
Kikubaaqudgha
Trog
Xom
Yredelemnul

Shops:
D:5 (

Annotations:
D:3 exclusion: gnoll
D:5 Edmund


Message History

The water moccasin is moderately wounded.
You miss the water moccasin.
The water moccasin is moderately wounded.
The water moccasin bites you but does no damage.
You hit the water moccasin.
The water moccasin is moderately wounded.
The water moccasin barely misses you.
The water moccasin bites you but does no damage.
You miss the water moccasin.
The water moccasin is moderately wounded.
The water moccasin barely misses you.
You closely miss the water moccasin.
The water moccasin is moderately wounded.
The water moccasin bites you. Yredelemnul mirrors your injury!
The water moccasin is heavily wounded.
You can no longer recall your undead slaves and mirror injuries on your foes.
The water moccasin bites you but does no damage.
You miss the water moccasin.
The water moccasin is heavily wounded.
The water moccasin barely misses you.
You barely miss the water moccasin.
The water moccasin is heavily wounded.
The water moccasin misses you.
You closely miss the water moccasin.
The water moccasin is heavily wounded.
The water moccasin completely misses you.
The water moccasin bites you.
You closely miss the water moccasin.
The water moccasin is heavily wounded.
The water moccasin closely misses you.
You hit the water moccasin.
The water moccasin is heavily wounded.
The water moccasin bites you. The water moccasin closely misses you.
You hit the water moccasin.
The water moccasin is severely wounded.
Your magical infusion is running out.
The water moccasin bites you.
You die...
Yredelemnul claims you as an undead slave.

You could see a water moccasin.

Vanquished Creatures
  An ogre (D:4)
  A giant frog (D:5)
  2 orc priests (D:4)
  A jelly (D:5)
  A centaur skeleton (D:4)
  An iguana (D:4)
  Terence (D:3)
  A worker ant (D:4)
  A hound skeleton (D:4)
  A hound zombie (D:5)
  4 river rats (Sewer)
  4 adders
  4 oozes
  An adder skeleton (D:4)
  4 worms
  3 giant geckos
  21 orcs
  2 bat skeletons (D:4)
  3 bat zombies (D:4)
  8 giant cockroaches
  11 hobgoblins
  3 quokkas
  5 ball pythons
  16 bats
  A giant gecko skeleton (D:4)
  14 giant newts
  10 goblins
  11 kobolds
  22 rats
158 creatures vanquished.

Vanquished Creatures (collateral kills)
  The ghost of bal the Ruffian, an average VSMo of Qazlal (D:4)
  An ogre (D:5)
  A crimson imp (D:5)
  A worker ant (D:4)
  3 gnolls (D:4)
  3 orcs (D:4)
  A bat zombie (D:4)
  2 bats
  A kobold (D:4)
14 creatures vanquished.

Vanquished Creatures (others)
  A worker ant zombie (D:4)
  2 adder zombies (D:5)
  2 bat zombies
  A giant cockroach (D:3)
  A gnoll zombie (D:4)
  6 orc zombies
13 creatures vanquished.

Grand Total: 185 creatures vanquished

Action                   |  1- 3 |  4- 6 |  7- 9 || total
-------------------------+-------+-------+-------++-------
Melee: Falchion          |   132 |   309 |   175 ||   616
 Cast: Infusion          |     6 |    13 |     7 ||    26
       Song of Slaying   |     1 |     7 |     3 ||    11
Invok: Animate Remains   |       |    14 |    12 ||    26
       Injury Mirror     |       |       |     3 ||     3
  Use: Scroll            |       |     2 |     6 ||     8
 Stab: Sleeping          |       |     2 |     1 ||     3

Vault maps used:
D:1:      dpeg_arrival_brainrot
D:2:      minmay_liquid_box
D:3:      lemuel_doored_altar, first_bread, trog_book, uniq_terence
D:4:      kennysheep_vampire_church, xom_teletrap_fun
D:5:      serial_shops, nicolae_shop_behind_doors, portal_sewer_entry_e,
          uniq_edmund
Sewer:    sewer_co_cracked_pipes
